[Event "FIDE WYCC Open U18 2023"]
[Site "Montesilvano"]
[Date "2023.11.23"]
[Round "10.18"]
[White "Kostolansky, Sebastian Lukas"]
[Black "Jiang, Qinyu"]
[Result "1/2-1/2"]
[ECO "B30"]
[WhiteElo "2427"]
[BlackElo "2247"]
[Annotator "RC"]
[PlyCount "62"]
[EventDate "2023.11.13"]
[EventType "swiss"]
[EventCountry "ITA"]
[SourceTitle "playchess.com"]
[Source "ChessBase"]
[SourceQuality "1"]
[TimeControl "40/5400+30:1800+30"]

1. e4 c5 2. Nf3 Nc6 3. Bb5 e5 4. O-O Bd6 5. c3 a6 6. Ba4 b5 7. Bc2 Nge7 8. a4 b4 9. d4 cxd4 10. cxd4 Nxd4 11. Nxd4 exd4 12. Nd2 O-O 13. Nf3 Qc7 14. Re1 Nc6 15. Rf1 Ne7 16. Re1 Nc6 17. Rf1 Ne7 18. Re1 Nc6 19. e5 Nxe5 20. Nxe5 Bxe5 21. Bxh7+ Kxh7 22. Qh5+ Kg8 23. Qd1 Kh7 24. Qh5+ Kg8 25. Qd1 Kh7 26. Qh5+ Kg8 27. Qd1 Kh7 28. Qh5+ Kg8 29. Rxe5 Qc6 30. Re1 Qc7 31. Re5 Qc6 1/2-1/2

[Event "FIDE WYCC Open U18 2023"]
[Site "Montesilvano"]
[Date "2023.11.23"]
[Round "10.19"]
[White "Tadic, Stefan"]
[Black "Krivenko, Dion"]
[Result "1-0"]
[ECO "A28"]
[WhiteElo "2407"]
[BlackElo "2218"]
[Annotator "RC"]
[PlyCount "115"]
[EventDate "2023.11.13"]
[EventType "swiss"]
[EventCountry "ITA"]
[SourceTitle "playchess.com"]
[Source "ChessBase"]
[SourceQuality "1"]
[TimeControl "40/5400+30:1800+30"]

1. c4 e5 2. Nc3 Nc6 3. Nf3 Nf6 4. e3 Bb4 5. Qc2 Bxc3 6. Qxc3 Qe7 7. Be2 O-O 8. O-O Re8 9. d4 d5 10. Nxe5 Nxe5 11. dxe5 Qxe5 12. Qxe5 Rxe5 13. b3 dxc4 14. Bb2 Rc5 15. Bxc4 Be6 16. Bxe6 fxe6 17. Rac1 Rxc1 18. Rxc1 Rd8 19. Kf1 Rd7 20. Ke2 Kf7 21. f3 Nd5 22. Be5 c6 23. Rc4 Nf6 24. e4 Ng8 25. h4 g6 26. g4 Ne7 27. Rc1 Ke8 28. f4 Kf7 29. Ke3 Rd8 30. h5 gxh5 31. gxh5 Ng8 32. Rg1 Nf6 33. Bxf6 Kxf6 34. h6 Rf8 35. Rg7 Rf7 36. e5+ Ke7 37. Rg8 Rf8 38. Rg2 Rf5 39. b4 Kf8 40. Ke4 Rf7 41. a4 Rf5 42. b5 c5 43. a5 b6 44. axb6 axb6 45. Ra2 Rh5 46. Ra8+ Kf7 47. Ra7+ Kg6 48. Rg7+ Kxh6 49. Re7 Rh1 50. Rxe6+ Kh5 51. Kf5 c4 52. Rxb6 Rb1 53. e6 Re1 54. Rc6 h6 55. b6 c3 56. b7 c2 57. Rxc2 Re5+ 58. Kxe5 1-0

[Event "FIDE WYCC Open U18 2023"]
[Site "Montesilvano"]
[Date "2023.11.23"]
[Round "10.20"]
[White "Schouten, Mathias Lind"]
[Black "Krallis, Christos"]
[Result "1-0"]
[ECO "B38"]
[WhiteElo "2175"]
[BlackElo "2339"]
[Annotator "RC"]
[PlyCount "41"]
[EventDate "2023.11.13"]
[EventType "swiss"]
[EventCountry "ITA"]
[SourceTitle "playchess.com"]
[Source "ChessBase"]
[SourceQuality "1"]
[TimeControl "40/5400+30:1800+30"]

1. Nf3 c5 2. c4 g6 3. d4 cxd4 4. Nxd4 Bg7 5. e4 Nc6 6. Be3 Nf6 7. Nc3 O-O 8. Be2 d6 9. Qd2 Bd7 10. O-O Nxd4 11. Bxd4 Bc6 12. f3 a5 13. Be3 Nd7 14. Rfd1 Nc5 15. Rf1 Bd7 16. Bd4 Bc6 17. Be3 Bd7 18. Bd4 Bc6 19. Be3 Bd7 20. Rfd1 Bc6 21. Bf1 1-0

[Event "FIDE WYCC Open U18 2023"]
[Site "Montesilvano"]
[Date "2023.11.23"]
[Round "10.21"]
[White "Jovanovski, Teodor"]
[Black "Elmi, Saad Abobaker"]
[Result "0-1"]
[ECO "D25"]
[WhiteElo "2140"]
[BlackElo "2321"]
[Annotator "RC"]
[PlyCount "100"]
[EventDate "2023.11.13"]
[EventType "swiss"]
[EventCountry "ITA"]
[SourceTitle "playchess.com"]
[Source "ChessBase"]
[SourceQuality "1"]
[TimeControl "40/5400+30:1800+30"]

1. d4 d5 2. c4 dxc4 3. Nf3 Nf6 4. e3 Bg4 5. Bxc4 e6 6. h3 Bh5 7. O-O Nbd7 8. Be2 Bd6 9. b3 O-O 10. Bb2 Qe7 11. Nbd2 Bg6 12. Nc4 a5 13. Rc1 Rfc8 14. Ne1 Ne4 15. Nd3 h6 16. a3 Bh7 17. Bf3 Nb6 18. Nxb6 cxb6 19. a4 Rxc1 20. Nxc1 Rc8 21. d5 e5 22. Bxe4 Bxe4 23. f3 Bc2 24. Qe1 Qg5 25. Kh1 e4 26. f4 Qg6 27. Bc3 Bd3 28. Nxd3 exd3 29. e4 Bb4 30. Bxb4 axb4 31. f5 Qg5 32. d6 Rc2 33. Rg1 Rc3 34. Qf2 d2 35. Qd4 Qe3 36. Qxe3 Rxe3 37. d7 Rd3 38. Rd1 Kf8 39. Kg1 Ke7 40. Kf2 Kxd7 41. Ke2 Rxb3 42. Rxd2+ Kc6 43. e5 Rc3 44. g4 b3 45. Kd1 Rxh3 46. e6 Rh1+ 47. Ke2 Rh2+ 48. Ke3 Rxd2 49. Kxd2 fxe6 50. fxe6 g6 0-1

[Event "FIDE WYCC Open U18 2023"]
[Site "Montesilvano"]
[Date "2023.11.23"]
[Round "10.22"]
[White "Vasynda, Oleksandr"]
[Black "Bicer, Atakan Mert"]
[Result "1-0"]
[ECO "D30"]
[WhiteElo "2001"]
[BlackElo "2318"]
[Annotator "RC"]
[PlyCount "133"]
[EventDate "2023.11.13"]
[EventType "swiss"]
[EventCountry "ITA"]
[SourceTitle "playchess.com"]
[Source "ChessBase"]
[SourceQuality "1"]
[TimeControl "40/5400+30:1800+30"]

1. d4 d5 2. Nf3 Nf6 3. c4 e6 4. e3 Be7 5. b3 O-O 6. Bd3 dxc4 7. Bxc4 c5 8. O-O cxd4 9. Qxd4 Bd7 10. Bb2 Nc6 11. Qd2 Ne4 12. Qe2 Rc8 13. Nbd2 Nd6 14. Rfd1 Qa5 15. a3 Rfd8 16. Rac1 Nxc4 17. Nxc4 Qa6 18. Kf1 Be8 19. Ncd2 Qb6 20. Kg1 f6 21. b4 e5 22. Ne4 Bf7 23. Nc3 a6 24. Rxd8+ Nxd8 25. Qd2 Qe6 26. Rd1 Bf8 27. Qd7 Qxd7 28. Rxd7 Be6 29. Rd2 Nf7 30. Rc2 Bb3 31. Rc1 Rd8 32. Kf1 f5 33. Ke1 g6 34. Nd2 Be6 35. e4 b5 36. Rd1 Rc8 37. exf5 gxf5 38. Nf3 Bg7 39. Ne2 Rc2 40. Rd2 Rc4 41. Kd1 Rc6 42. Nc1 Bh6 43. Rc2 Rd6+ 44. Ke1 e4 45. Ne5 Nxe5 46. Bxe5 Rd5 47. Bb2 Rd7 48. Ne2 Bc4 49. Bc1 Bg7 50. f3 Kf7 51. fxe4 fxe4 52. Ng3 Bd3 53. Rc6 Bc4 54. Bd2 Be5 55. Nxe4 Re7 56. Ng5+ Kg7 57. Kf2 Bd4+ 58. Kg3 Re2 59. Nf3 Bf2+ 60. Kf4 Bd5 61. Bc3+ Kf7 62. Rc7+ Ke8 63. Rxh7 Be3+ 64. Kf5 Rxg2 65. Bf6 Re2 66. Rh8+ Kd7 67. Rd8+ 1-0

[Event "FIDE WYCC Open U18 2023"]
[Site "Montesilvano"]
[Date "2023.11.23"]
[Round "10.23"]
[White "Sahakyan, Aleks"]
[Black "Chen, Hongsen"]
[Result "*"]
[ECO "D26"]
[WhiteElo "2303"]
[BlackElo "2061"]
[Annotator "RC"]
[PlyCount "45"]
[EventDate "2023.11.13"]
[EventType "swiss"]
[EventCountry "ITA"]
[SourceTitle "playchess.com"]
[Source "ChessBase"]
[SourceQuality "1"]
[TimeControl "40/5400+30:1800+30"]

1. Nf3 Nf6 2. c4 c5 3. Nc3 Nc6 4. e3 e6 5. d4 d5 6. a3 dxc4 7. Bxc4 a6 8. O-O cxd4 9. exd4 Be7 10. Re1 O-O 11. Ba2 Qc7 12. Bg5 Rd8 13. Rc1 Qa5 14. Qa4 Qf5 15. Bb1 Qg4 16. h3 Qh5 17. Ne2 Bd6 18. Rc5 Bxc5 19. dxc5 Ne5 20. Nxe5 Qxg5 21. f4 Qh4 22. Nf3 Qh5 23. Qc2 *

[Event "FIDE WYCC Open U18 2023"]
[Site "Montesilvano"]
[Date "2023.11.23"]
[Round "10.24"]
[White "Dreelinck, Adriaan"]
[Black "Unneland, Mathias"]
[Result "0-1"]
[ECO "E92"]
[WhiteElo "2264"]
[BlackElo "2197"]
[Annotator "RC"]
[PlyCount "86"]
[EventDate "2023.11.13"]
[EventType "swiss"]
[EventCountry "ITA"]
[SourceTitle "playchess.com"]
[Source "ChessBase"]
[SourceQuality "1"]
[TimeControl "40/5400+30:1800+30"]

1. d4 Nf6 2. c4 g6 3. Nc3 Bg7 4. e4 d6 5. Be2 O-O 6. Be3 Na6 7. Nf3 e5 8. d5 Nh5 9. g3 f5 10. exf5 gxf5 11. Nxe5 f4 12. gxf4 Nxf4 13. Nd3 Ng2+ 14. Kd2 Qh4 15. Rg1 Bh3 16. Bf3 Nxe3 17. fxe3 Bf5 18. Nf4 Rae8 19. Nh5 Bg6 20. Nxg7 Kxg7 21. Qe2 Kh8 22. Raf1 Nc5 23. Rg4 Qh6 24. Rd4 Rf5 25. b4 Rfe5 26. Nd1 Na4 27. Bg4 Nc3 28. Kxc3 Rxe3+ 29. Nxe3 Rxe3+ 30. Kd2 Rd3+ 31. Ke1 Rxd4 32. Bf3 Qf4 33. Bg2 Qh4+ 34. Rf2 Rxc4 35. Qb2+ Kg8 36. a3 Qxh2 37. Bf1 Re4+ 38. Be2 Qg1+ 39. Rf1 Qe3 40. Kd1 Bh5 41. Rf8+ Kxf8 42. Qh8+ Ke7 43. Qxh7+ Bf7 0-1

[Event "FIDE WYCC Open U18 2023"]
[Site "Montesilvano"]
[Date "2023.11.23"]
[Round "10.25"]
[White "Vrashank Chouhan"]
[Black "Liu, Casper"]
[Result "1-0"]
[ECO "A45"]
[WhiteElo "1898"]
[BlackElo "2260"]
[Annotator "RC"]
[PlyCount "99"]
[EventDate "2023.11.13"]
[EventType "swiss"]
[EventCountry "ITA"]
[SourceTitle "playchess.com"]
[Source "ChessBase"]
[SourceQuality "1"]
[TimeControl "40/5400+30:1800+30"]

1. d4 Nf6 2. Bf4 c5 3. d5 d6 4. Nc3 e5 5. Bg5 Be7 6. Bxf6 Bxf6 7. e4 a6 8. a4 b6 9. Nf3 Nd7 10. Be2 g6 11. O-O h5 12. Nd2 Bg7 13. Nc4 Qc7 14. h3 h4 15. Bg4 O-O 16. Ne3 Bh6 17. Qd3 Bg5 18. Nc4 Rb8 19. Rfe1 b5 20. axb5 axb5 21. Na5 c4 22. Qd1 b4 23. Ne2 f5 24. Bf3 Nf6 25. exf5 gxf5 26. Nc6 Rb5 27. b3 c3 28. Qd3 Rb7 29. Ned4 exd4 30. Re7 Nd7 31. Qe2 Bxe7 32. Qe6+ Kg7 33. Qxe7+ Kg6 34. Re1 Ne5 35. Qxf8 d3 36. Nxe5+ dxe5 37. d6 Qg7 38. Qxc8 e4 39. Bxe4 fxe4 40. Rxe4 dxc2 41. Rg4+ Kf6 42. Rf4+ Ke5 43. Rf5+ Kxd6 44. Qc5+ Kd7 45. Rd5+ Ke8 46. Qc8+ Kf7 47. Qxb7+ Kg8 48. Qc8+ Qf8 49. Qg4+ Qg7 50. Rd8+ 1-0

[Event "FIDE WYCC Open U18 2023"]
[Site "Montesilvano"]
[Date "2023.11.23"]
[Round "10.26"]
[White "Loftgaard, Mikkel Vinh"]
[Black "Manish Anto Cristiano F"]
[Result "1-0"]
[ECO "B91"]
[WhiteElo "2225"]
[BlackElo "2366"]
[Annotator "RC"]
[PlyCount "113"]
[EventDate "2023.11.13"]
[EventType "swiss"]
[EventCountry "ITA"]
[SourceTitle "playchess.com"]
[Source "ChessBase"]
[SourceQuality "1"]
[TimeControl "40/5400+30:1800+30"]

1. e4 c5 2. Nf3 d6 3. d4 cxd4 4. Nxd4 Nf6 5. Nc3 a6 6. g3 e5 7. Nde2 Be7 8. Bg2 O-O 9. O-O b5 10. Nd5 Nxd5 11. Qxd5 Ra7 12. Be3 Rb7 13. Rfd1 Nd7 14. b3 Nf6 15. Qd3 Ng4 16. Bd2 Qb6 17. Be1 Nf6 18. a4 b4 19. c3 bxc3 20. Nxc3 Qc5 21. Rab1 Be6 22. b4 Qc6 23. Bf1 Ra8 24. Rdc1 Qd7 25. Bg2 Rc8 26. Nd5 Nxd5 27. Rxc8+ Qxc8 28. exd5 Bf5 29. Be4 Bxe4 30. Qxe4 g6 31. Qd3 Rb8 32. Bd2 Qb7 33. Rc1 Rc8 34. Rc4 Qd7 35. b5 axb5 36. axb5 Bd8 37. Rc6 Rb8 38. Bb4 Bc7 39. Qc4 Rb7 40. Kg2 h5 41. Bd2 h4 42. Qxh4 Rxb5 43. Bg5 f5 44. Bf6 Rxd5 45. Qh8+ Kf7 46. Rxc7 Qxc7 47. Qg7+ Ke6 48. Qxc7 Kxf6 49. Qd8+ Kf7 50. h4 Rd4 51. h5 gxh5 52. Qg5 f4 53. Qxh5+ Kg7 54. g4 Rd2 55. Qg5+ Kf7 56. Qf5+ Kg7 57. g5 1-0

[Event "FIDE WYCC Open U18 2023"]
[Site "Montesilvano"]
[Date "2023.11.23"]
[Round "10.27"]
[White "Frank, Adam"]
[Black "Mierins, Emils Janis"]
[Result "1-0"]
[ECO "B18"]
[WhiteElo "2330"]
[BlackElo "2208"]
[Annotator "RC"]
[PlyCount "67"]
[EventDate "2023.11.13"]
[EventType "swiss"]
[EventCountry "ITA"]
[SourceTitle "playchess.com"]
[Source "ChessBase"]
[SourceQuality "1"]
[TimeControl "40/5400+30:1800+30"]

1. e4 c6 2. d4 d5 3. Nd2 dxe4 4. Nxe4 Bf5 5. Ng3 Bg6 6. h4 h6 7. f4 e6 8. h5 Bh7 9. Nf3 Nd7 10. Bd3 Bxd3 11. Qxd3 Ngf6 12. Bd2 Qc7 13. Ne5 Bd6 14. O-O-O O-O 15. Ne2 c5 16. g4 cxd4 17. Nxd7 Nxd7 18. g5 Nc5 19. Qxd4 e5 20. Qd5 hxg5 21. h6 g6 22. Bc3 Rad8 23. h7+ Kh8 24. fxe5 Be7 25. e6+ f6 26. Qxg5 Nb3+ 27. axb3 Qxc3 28. Qxg6 Qe3+ 29. Kb1 Qg5 30. Nf4 Qxf4 31. Rxd8 Bxd8 32. Rg1 Qc7 33. Qg8+ Rxg8 34. hxg8=Q# 1-0

[Event "FIDE WYCC Open U18 2023"]
[Site "Montesilvano"]
[Date "2023.11.23"]
[Round "10.28"]
[White "Khoder, Akram"]
[Black "Marakovits, Nico"]
[Result "1-0"]
[ECO "E04"]
[WhiteElo "2191"]
[BlackElo "2324"]
[Annotator "RC"]
[PlyCount "85"]
[EventDate "2023.11.13"]
[EventType "swiss"]
[EventCountry "ITA"]
[SourceTitle "playchess.com"]
[Source "ChessBase"]
[SourceQuality "1"]
[TimeControl "40/5400+30:1800+30"]

1. d4 Nf6 2. c4 e6 3. g3 d5 4. Bg2 dxc4 5. Nf3 Nc6 6. Qa4 Bb4+ 7. Bd2 Nd5 8. Qb5 Bxd2+ 9. Nbxd2 c3 10. bxc3 Nxc3 11. Qd3 Nd5 12. O-O O-O 13. Rfc1 Nb6 14. Nb3 Qe7 15. Nc5 Rd8 16. Qc3 Nd5 17. Qb2 b6 18. Nd3 Bb7 19. a3 Rac8 20. Rc2 Na5 21. Rac1 Nf6 22. Nfe5 Bxg2 23. Kxg2 Qd6 24. e3 c6 25. Qb4 Qd5+ 26. Kg1 c5 27. Nxc5 Nc6 28. Ncd7 Nxb4 29. Rxc8 Re8 30. R1c7 Qb5 31. Rxe8+ Nxe8 32. Rc8 g5 33. Rxe8+ Kg7 34. axb4 Qxb4 35. Rf8 Qb1+ 36. Kg2 Qe4+ 37. Kh3 Qf5+ 38. g4 Qb1 39. Rxf7+ Kh6 40. Nf6 Qf1+ 41. Kg3 Qg1+ 42. Kf3 Qd1+ 43. Ke4 1-0

[Event "FIDE WYCC Open U18 2023"]
[Site "Montesilvano"]
[Date "2023.11.23"]
[Round "10.29"]
[White "Paduano, Claudio"]
[Black "Melian, Juan Sebastian"]
[Result "0-1"]
[ECO "E13"]
[WhiteElo "2188"]
[BlackElo "2291"]
[Annotator "RC"]
[PlyCount "122"]
[EventDate "2023.11.13"]
[EventType "swiss"]
[EventCountry "ITA"]
[SourceTitle "playchess.com"]
[Source "ChessBase"]
[SourceQuality "1"]
[TimeControl "40/5400+30:1800+30"]

1. d4 Nf6 2. c4 e6 3. Nf3 b6 4. Nc3 Bb7 5. Bg5 Bb4 6. e3 h6 7. Bh4 g5 8. Bg3 Ne4 9. Qc2 d6 10. Bd3 Bxc3+ 11. bxc3 f5 12. d5 Nd7 13. Nd4 Ndc5 14. O-O Qe7 15. f3 Nxd3 16. fxe4 Nc5 17. e5 O-O 18. Rad1 dxe5 19. Bxe5 exd5 20. Rxf5 Ne4 21. Bg3 c5 22. Re5 Qf6 23. Re6 Qf7 24. cxd5 Bxd5 25. Rxe4 Bxe4 26. Qxe4 cxd4 27. cxd4 Rae8 28. Qd3 Qf5 29. Qe2 Qe4 30. Be5 Rc8 31. h3 Rc2 32. Rd2 Rc1+ 33. Rd1 Rc3 34. Kh2 g4 35. Rg1 h5 36. Qb5 Qf5 37. Qd5+ Kh7 38. Qb7+ Rf7 39. Qa8 Rc8 40. Qd5 Rd7 41. Qb5 Rc2 42. e4 Qe6 43. Bf6 g3+ 44. Kxg3 Qd6+ 45. Be5 Qg6+ 46. Kh2 Re7 47. Qd5 Qe6 48. Qa8 Rc8 49. Qd5 Qxd5 50. exd5 Rc2 51. a4 Ra2 52. d6 Rd7 53. Rc1 Kg6 54. Rc4 Kf5 55. Kg3 h4+ 56. Kf3 Ra3+ 57. Kf2 Ke4 58. Rc8 Rf7+ 59. Ke2 Ra2+ 60. Ke1 Kd3 61. Bf6 Rxf6 0-1

[Event "FIDE WYCC Open U18 2023"]
[Site "Montesilvano"]
[Date "2023.11.23"]
[Round "10.30"]
[White "Stepanencu, Nicodim-Cosmin"]
[Black "Nied, Pascal"]
[Result "1-0"]
[ECO "D47"]
[WhiteElo "2289"]
[BlackElo "2172"]
[Annotator "RC"]
[PlyCount "149"]
[EventDate "2023.11.13"]
[EventType "swiss"]
[EventCountry "ITA"]
[SourceTitle "playchess.com"]
[Source "ChessBase"]
[SourceQuality "1"]
[TimeControl "40/5400+30:1800+30"]

1. c4 e6 2. Nc3 d5 3. d4 Nf6 4. Nf3 c6 5. e3 Nbd7 6. Bd3 dxc4 7. Bxc4 b5 8. Bb3 Bb7 9. O-O a6 10. e4 c5 11. e5 c4 12. Bc2 Nd5 13. Ng5 Nxc3 14. bxc3 Be7 15. Qh5 g6 16. Qh6 Bf8 17. Qh3 Be7 18. Qg3 Nb6 19. h4 Rg8 20. Qh3 Bd5 21. Bd2 h6 22. Ne4 Rh8 23. h5 g5 24. f4 Bxe4 25. Bxe4 Nd5 26. Rf2 Qd7 27. fxg5 Bxg5 28. Bxg5 hxg5 29. Raf1 Rf8 30. h6 O-O-O 31. Bxd5 g4 32. Qxg4 Rg8 33. Bxe6 fxe6 34. Qe4 Qb7 35. Qxb7+ Kxb7 36. Rf7+ Kc6 37. h7 Rh8 38. Ra7 b4 39. Rxa6+ Kb5 40. Rxe6 bxc3 41. Rb1+ Ka5 42. Re7 Ka6 43. Rc1 Rxd4 44. Rxc3 Rh4 45. e6 Kb5 46. a3 Kc5 47. Rc7+ Kd5 48. e7 R4xh7 49. R3xc4 Rxe7 50. Rxe7 Kxc4 51. a4 Ra8 52. Re4+ Kd5 53. Rf4 Ke5 54. g3 Rb8 55. Kg2 Ra8 56. Kf3 Rb8 57. a5 Rb3+ 58. Kg4 Ra3 59. Rf5+ Ke6 60. Rb5 Kf7 61. Kh4 Kg6 62. g4 Ra1 63. Rb6+ Kg7 64. a6 Ra5 65. g5 Ra1 66. Kg4 Kf7 67. g6+ Kg7 68. Kf5 Ra5+ 69. Ke4 Kh6 70. Kd4 Kg7 71. Kc4 Kh6 72. Kb4 Ra1 73. Kb5 Kg7 74. Kc6 Re1 75. a7 1-0

[Event "FIDE WYCC Open U18 2023"]
[Site "Montesilvano"]
[Date "2023.11.23"]
[Round "10.32"]
[White "Hommadov, Amanmuhammet"]
[Black "Kristoferitsch, Daniel"]
[Result "1/2-1/2"]
[ECO "C02"]
[WhiteElo "2055"]
[BlackElo "2270"]
[Annotator "RC"]
[PlyCount "80"]
[EventDate "2023.11.13"]
[EventType "swiss"]
[EventCountry "ITA"]
[SourceTitle "playchess.com"]
[Source "ChessBase"]
[SourceQuality "1"]
[TimeControl "40/5400+30:1800+30"]

1. e4 e6 2. d4 d5 3. e5 c5 4. c3 Nc6 5. Nf3 Bd7 6. a3 Nge7 7. b4 cxd4 8. cxd4 Nf5 9. Be3 f6 10. exf6 Qxf6 11. Bd3 Bd6 12. O-O Nxe3 13. fxe3 Qh6 14. Qe2 O-O 15. b5 Na5 16. Nbd2 Be8 17. h3 Bh5 18. a4 b6 19. Rac1 Rac8 20. g4 Bg6 21. Kg2 Bxd3 22. Qxd3 Rxc1 23. Rxc1 Qf6 24. Rf1 Qe7 25. h4 h6 26. Rc1 Qf7 27. Rf1 Qd7 28. Qg6 Rf6 29. Qh5 Qf7 30. Qxf7+ Rxf7 31. Rc1 Rc7 32. Rxc7 Bxc7 33. Kf2 Kf7 34. Ke2 Kg6 35. h5+ Kf6 36. Kd3 g6 37. g5+ Kg7 38. gxh6+ Kxh6 39. hxg6 Kxg6 40. e4 Kf6 1/2-1/2

[Event "FIDE WYCC Open U18 2023"]
[Site "Montesilvano"]
[Date "2023.11.24"]
[Round "11.1"]
[White "Juhasz, Agoston"]
[Black "Mayank Chakraborty"]
[Result "1/2-1/2"]
[ECO "C54"]
[WhiteElo "2401"]
[BlackElo "2368"]
[Annotator "RC"]
[PlyCount "133"]
[EventDate "2023.11.13"]
[EventType "swiss"]
[EventCountry "ITA"]
[SourceTitle "playchess.com"]
[Source "ChessBase"]
[SourceQuality "1"]
[TimeControl "40/5400+30:1800+30"]

1. e4 e5 2. Nf3 Nc6 3. Bc4 Nf6 4. d3 Bc5 5. c3 a6 6. O-O d6 7. a4 Ba7 8. Re1 O-O 9. h3 h6 10. Nbd2 Re8 11. b4 Be6 12. Bxe6 Rxe6 13. Rb1 Ne7 14. Nf1 d5 15. exd5 Nexd5 16. Qc2 e4 17. dxe4 Nxe4 18. Rxe4 Rxe4 19. Qxe4 Nxc3 20. Qc2 Nxb1 21. Qxb1 Qd1 22. Qb2 Re8 23. Qd2 Qxa4 24. Bb2 Qc6 25. Ne3 Bxe3 26. fxe3 Qe4 27. Bd4 Re6 28. Kh2 Rc6 29. Bc3 Rd6 30. Qf2 Rc6 31. Qd2 Kh7 32. Qe1 f6 33. Qd2 Rc4 34. Qe1 Qd3 35. Bd2 c5 36. bxc5 Rxc5 37. e4 Rb5 38. e5 fxe5 39. Nxe5 Qd5 40. Bc3 Kg8 41. Ng4 Qd6+ 42. Be5 Qg6 43. Qc3 h5 44. Nf2 Qf5 45. Bg3 Rc5 46. Qb4 b5 47. h4 g5 48. Qb3+ Rc4 49. hxg5 h4 50. Bxh4 Qh7 51. g3 Qf7 52. Qb2 Qc7 53. Qa2 Qf7 54. Qe2 Ra4 55. Qe3 Ra2 56. g4 b4 57. Bg3 b3 58. g6 Qxg6 59. Qxb3+ Qf7 60. Qb8+ Qf8 61. Qb3+ Qf7 62. Qb8+ Kh7 63. Qb1+ Kg8 64. Qb8+ Kh7 65. Qb1+ Kg8 66. Qb8+ Kh7 67. Qb1+ 1/2-1/2

[Event "FIDE WYCC Open U18 2023"]
[Site "Montesilvano"]
[Date "2023.11.24"]
[Round "11.2"]
[White "Prraneeth Vuppala"]
[Black "Nguyen, Quoc Hy"]
[Result "1-0"]
[ECO "C50"]
[WhiteElo "2512"]
[BlackElo "2392"]
[Annotator "RC"]
[PlyCount "107"]
[EventDate "2023.11.13"]
[EventType "swiss"]
[EventCountry "ITA"]
[SourceTitle "playchess.com"]
[Source "ChessBase"]
[SourceQuality "1"]
[TimeControl "40/5400+30:1800+30"]

1. e4 e5 2. Nf3 Nc6 3. Bc4 Bc5 4. d3 Nf6 5. Nc3 d6 6. Na4 Bb6 7. a3 Qe7 8. h3 h6 9. b4 Be6 10. Bxe6 Qxe6 11. O-O g5 12. Nxb6 axb6 13. d4 Ne7 14. Re1 Ng6 15. Nh2 Nf4 16. d5 Qd7 17. c4 Qa4 18. Qf3 h5 19. Qc3 O-O-O 20. Nf3 Rdg8 21. Bxf4 gxf4 22. Nh4 Kb8 23. f3 Nd7 24. Nf5 Ka7 25. Kh1 Rg6 26. Re2 Ra8 27. Rb2 Rgg8 28. Rab1 Kb8 29. Rb3 Rh8 30. Qe1 Ka7 31. Rc3 Rag8 32. Qf2 Kb8 33. Qb2 Rg5 34. c5 dxc5 35. bxc5 Rhg8 36. cxb6 cxb6 37. Rc2 f6 38. Rbc1 Ka7 39. Nd6 R5g7 40. Rc4 Qa5 41. Nb5+ Kb8 42. R4c2 Nc5 43. Qb4 Qxb4 44. axb4 Nd3 45. Rb1 f5 46. exf5 e4 47. fxe4 f3 48. gxf3 Rg3 49. Rf1 Nxb4 50. Rh2 Nd3 51. Nd4 Nf4 52. Ne2 Nxe2 53. Rxe2 Kc7 54. e5 1-0

[Event "FIDE WYCC Open U18 2023"]
[Site "Montesilvano"]
[Date "2023.11.24"]
[Round "11.3"]
[White "Domalchuk-Jonasson, Aleksandr"]
[Black "Olsson, William"]
[Result "0-1"]
[ECO "C25"]
[WhiteElo "2403"]
[BlackElo "2372"]
[Annotator "RC"]
[PlyCount "134"]
[EventDate "2023.11.13"]
[EventType "swiss"]
[EventCountry "ITA"]
[SourceTitle "playchess.com"]
[Source "ChessBase"]
[SourceQuality "1"]
[TimeControl "40/5400+30:1800+30"]

1. e4 e5 2. Nc3 Nc6 3. f4 exf4 4. d4 Qh4+ 5. Ke2 d6 6. Nf3 Bg4 7. Bxf4 O-O-O 8. Be3 Qe7 9. Kd2 Nf6 10. Bd3 d5 11. exd5 Nb4 12. h3 Nxd3 13. cxd3 Bh5 14. g4 Bg6 15. Qb3 Qd6 16. Raf1 Nxd5 17. Nxd5 Qxd5 18. Qxd5 Rxd5 19. a3 Bd6 20. Ng5 f6 21. Ne4 Be7 22. h4 h6 23. Rh3 Bf7 24. Rg3 Be6 25. Nc5 Bd6 26. Rg2 Bxc5 27. dxc5 Rhd8 28. d4 Rxc5 29. Rc1 Rxc1 30. Kxc1 Bd5 31. Rg1 Re8 32. Kd2 Kd7 33. Kd3 g5 34. Rg3 Re4 35. hxg5 hxg5 36. Bd2 b6 37. a4 a5 38. Rg1 Re8 39. Rf1 Ke6 40. Rc1 c6 41. Re1+ Kf7 42. Rf1 Kg6 43. b4 axb4 44. Bxb4 Re4 45. Rg1 c5 46. Bc3 c4+ 47. Kd2 Re6 48. Rb1 Bf3 49. Rb5 Bxg4 50. d5 Re2+ 51. Kc1 Bf5 52. Rb2 Rxb2 53. Kxb2 Bd7 54. Ka3 f5 55. Bd4 f4 56. Bxb6 Kf5 57. a5 Ke5 58. a6 Kxd5 59. Kb4 g4 60. Bc7 f3 61. Bg3 Kd4 62. Bd6 Bc6 63. a7 Ba8 64. Bc7 Kd3 65. Bg3 Ke2 66. Kxc4 f2 67. Bxf2 Kxf2 0-1

[Event "FIDE WYCC Open U18 2023"]
[Site "Montesilvano"]
[Date "2023.11.24"]
[Round "11.4"]
[White "Ohanyan, Emin"]
[Black "Wong, Zhenyong Jayden"]
[Result "0-1"]
[ECO "B14"]
[WhiteElo "2466"]
[BlackElo "2356"]
[Annotator "RC"]
[PlyCount "83"]
[EventDate "2023.11.13"]
[EventType "swiss"]
[EventCountry "ITA"]
[SourceTitle "playchess.com"]
[Source "ChessBase"]
[SourceQuality "1"]
[TimeControl "40/5400+30:1800+30"]

1. d4 Nf6 2. c4 e6 3. Nf3 d5 4. Nc3 c5 5. e3 cxd4 6. exd4 Bb4 7. cxd5 Nxd5 8. Bd2 Nc6 9. Bd3 O-O 10. O-O Be7 11. a3 Bf6 12. Qc2 g6 13. Bh6 Re8 14. Rad1 Bg7 15. Bxg7 Kxg7 16. Rfe1 Nce7 17. Ne5 Bd7 18. Ne4 Nf5 19. Qd2 Ba4 20. Rc1 Nxd4 21. Nxf7 Kxf7 22. Rc4 Nb6 23. Nd6+ Qxd6 24. Rxd4 Qc7 25. Rc1 Bc6 26. Qh6 Kg8 27. Bxg6 hxg6 28. Rg4 Re7 29. Rxg6+ Rg7 30. Rc3 Rd8 31. Kf1 Rxg6 32. Qxg6+ Qg7 33. Qxe6+ Kf8 34. Rg3 Rd1+ 35. Ke2 Qxb2+ 36. Kxd1 Ba4+ 37. Ke1 Qc1+ 38. Ke2 Qd1+ 39. Ke3 Qe1+ 40. Kd4 Qxe6 41. Rf3+ Kg7 42. Rg3+ 0-1

[Event "FIDE WYCC Open U18 2023"]
[Site "Montesilvano"]
[Date "2023.11.24"]
[Round "11.5"]
[White "Davtyan, Arsen"]
[Black "Novosel, Lovro"]
[Result "0-1"]
[ECO "B94"]
[WhiteElo "2406"]
[BlackElo "2375"]
[Annotator "RC"]
[PlyCount "107"]
[EventDate "2023.11.13"]
[EventType "swiss"]
[EventCountry "ITA"]
[SourceTitle "playchess.com"]
[Source "ChessBase"]
[SourceQuality "1"]
[TimeControl "40/5400+30:1800+30"]

1. e4 c5 2. Nf3 d6 3. d4 cxd4 4. Nxd4 Nf6 5. Nc3 a6 6. Bg5 Nbd7 7. Qe2 h6 8. Bh4 g6 9. f4 e5 10. fxe5 dxe5 11. O-O-O Qc7 12. Nb3 b5 13. g4 Be7 14. Bg3 Nb6 15. h3 Kf8 16. Bg2 Kg7 17. Rhf1 Rf8 18. Nd5 Nfxd5 19. exd5 Bd6 20. Na5 Bd7 21. Nc6 Rae8 22. Qd2 f6 23. Be4 Rc8 24. Kb1 Na4 25. Bg2 b4 26. Ka1 a5 27. Rf2 Nb6 28. Be4 a4 29. Qd3 Be8 30. h4 a3 31. b3 Nxd5 32. Qxd5 Bxc6 33. Qxd6 Bxe4 34. Qxb4 Bxc2 35. Rc1 Qc3+ 36. Qxc3 Rxc3 37. Rg2 Rfc8 38. Be1 R3c6 39. Bb4 Be4 40. Rxc6 Rxc6 41. Rg1 Ra6 42. Re1 f5 43. Re3 Kf6 44. Bf8 h5 45. gxh5 gxh5 46. b4 Bc6 47. Bd6 Be4 48. Bc5 Ra4 49. b5 f4 50. Rxa3 Rxa3 51. Bxa3 Bd3 52. b6 Ba6 53. Kb2 e4 54. Kc3 0-1